 Dungeon Crawl Stone Soup version 0.19-a0-1907-gcff654f (webtiles) character file.

1344 Disciple the Conjurer (level 8, -5/56 HPs)
             Began as a Demonspawn Wizard on Oct 21, 2016.
             Was an Initiate of Cheibriados.
             Killed by divine providence
             ... invoked by an orc priest
              (14 damage)
             ... on level 7 of the Dungeon.
             The game lasted 00:31:13 (8639 turns).

Disciple the Conjurer (Demonspawn Wizard)           Turns: 8639, Time: 00:31:14

Health: -5/56      AC: 12    Str: 10    XL:     8   Next: 36%
Magic:  9/12       EV: 16    Int: 22    God:    Cheibriados [......]
Gold:   56         SH:  0    Dex: 12    Spells: 1 memorised, 12 levels left

rFire  . . .     SeeInvis .     G - +2 falchion (vamp)
rCold  . . .     Gourm    .     f - +3 ring mail
rNeg   . . .     Faith    .     (no shield)
rPois  .         Spirit   .     b - +0 hat
rElec  .         Reflect  .     (no cloak)
rCorr  +         Harm     .     (no gloves)
MR     .....                    (no boots)
Stlth  +.........               K - amulet of rage
                                (no ring)
                                J - +4 ring of evasion

@: very slow
A: horns 2, yellow scales 3, demonic guardian 1
a: Bend Time, Renounce Religion, Evoke Berserk Rage


You were on level 7 of the Dungeon.
You worshipped Cheibriados.
Cheibriados was noncommittal.
You were not hungry.

You visited 2 branches of the dungeon, and saw 8 of its levels.

You collected 275 gold pieces.
You spent 219 gold pieces at shops.

Inventory:

Hand Weapons
 k - a +1 dagger of venom
 y - a +2 halberd of chopping
 G - a +2 vampiric falchion (weapon)
 I - a +2 dagger of freezing
Missiles
 l - 241 stones (quivered)
Armour
 a - a +0 robe
 b - a +0 hat (worn)
 f - a +3 ring mail (worn)
 p - a +0 leather armour
 L - a +0 buckler
 M - a +0 pair of gloves
 Q - the +1 ring mail of Efoma {rPois rC- rN+}
   (You found it on level 5 of the Dungeon)

   It makes you vulnerable to cold.
   It protects you from poison.
   It protects you from negative energy.
Jewellery
 H - an uncursed amulet of guardian spirit
 J - a +4 ring of evasion (left hand)
 K - an amulet of rage (around neck)
 U - an uncursed ring of stealth {unknown}
Wands
 P - a wand of acid (1/15)
 R - a wand of lightning (6/15)
Scrolls
 e - 4 scrolls of enchant weapon {unknown}
 g - 3 scrolls of fear {unknown}
 h - 3 scrolls of enchant armour {unknown}
 j - 2 scrolls of recharging {unknown}
 r - 3 scrolls of remove curse
 t - 2 scrolls of random uselessness
 w - 5 scrolls of identify
 B - a scroll of fog
 C - a scroll of noise
 D - 4 scrolls of teleportation
 E - 4 scrolls of amnesia
 N - 2 scrolls of immolation
 S - 3 scrolls of magic mapping {unknown}
Potions
 n - a potion of lignification {unknown}
 o - a potion of resistance {unknown}
 q - 2 potions of might {unknown}
 s - a potion of cancellation {unknown}
 u - a potion of mutation {unknown}
 v - a potion of invisibility {unknown}
 x - a potion of haste {unknown}
 z - 2 potions of curing {unknown}
 A - a potion of magic {unknown}
 F - 2 potions of flight {unknown}
 O - a potion of beneficial mutation {unknown}
Books
 c - a book of Minor Magic

   Spells                             Type                      Level
   a - Magic Dart                     Conjuration                  1
   b - Blink                          Translocation                2
   c - Call Imp                       Summoning                    2
   d - Repel Missiles                 Charms/Air                   2
   e - Slow                           Hexes                        2
   f - Conjure Flame                  Conjuration/Fire             3
   g - Mephitic Cloud                 Conjuration/Poison/Air       3
Comestibles
 d - 3 bread rations
 i - 2 meat rations
 m - a royal jelly


   Skills:
 - Level 2.0 Fighting
 - Level 2.0(2.8) Short Blades
 - Level 3.0(3.3) Long Blades
 - Level 5.0 Dodging
 - Level 1.7 Stealth
 - Level 3.0 Spellcasting
 - Level 7.0 Conjurations
   Level 1.0 Summonings
   Level 0.8 Translocations
 + Level 1.8 Evocations


You had 12 spell levels left.
You knew the following spells:

 Your Spells              Type           Power        Failure   Level  Hunger
a - Magic Dart            Conj           ####         1%          1    None


Dungeon Overview and Level Annotations

Branches:
Dungeon (7/15)             Temple (1/1) D:5

Altars:
Cheibriados
Dithmenos
Elyvilon
Hepliaklqana
Kikubaaqudgha
Nemelex Xobeh
Okawaru
Qazlal
Trog
Uskayaw
Vehumet
Xom
Yredelemnul
Zin
The Shining One

Shops:
D:4 [%=?   D:5 ?


Innate Abilities, Weirdness & Mutations

You have a pair of horns on your head.
You are completely covered in yellow scales. (AC +4, rCorr)
A weak demonic guardian rushes to your aid.


Message History

Your ufetubus misses the orc warrior.
Your ufetubus hits the orc warrior but does no damage. x2
The orc wizard gestures wildly while chanting.
The orc wizard seems to speed up.
The orc warrior barely misses you.
Your ufetubus closely misses the orc warrior. x2
The orc priest shouts!
Your ufetubus hits the orc warrior but does no damage.
Your ufetubus barely misses the orc warrior.
The orc warrior completely misses you. x2
The orc warrior barely misses your ufetubus.
Your ufetubus hits the orc warrior but does no damage.
Your ufetubus closely misses the orc warrior.
There is a stone staircase leading up here.
You see here a tomahawk.
The orc warrior hits you from afar with a glaive.
* * * LOW HITPOINT WARNING * * *
Your ufetubus hits the orc warrior but does no damage. x2
The orc priest calls down the wrath of Beogh upon you.
Beogh smites you!
You die...

#.# #.# #.#
#.# #.#
###.####.##
..........#
#..###..#
#....@..#
#..###o5#
#....oo.#
....#.##o##
# # #o# ..o
#... #.##o
...


oo You could see 2 orc warriors, an orc priest, an orc wizard, an orc and a
friendly ufetubus.

Vanquished Creatures
  An orc warrior (D:6)
  A sky beast (D:6)
  An ogre (D:6)
  A bullfrog (D:6)
  A water moccasin skeleton (D:5)
  A howler monkey (D:5)
  2 hounds
  3 bullfrog skeletons
  5 orc priests
  A gnoll shaman (D:3)
  2 centaur skeletons
  An iguana (D:5)
  Ijyb (D:3)
  6 orc wizards
  A worker ant (D:5)
  A worker ant zombie (D:5)
  7 gnolls
  4 adders
  An ooze (D:3)
  An adder skeleton (D:4)
  4 worms
  A dart slug (D:1)
  3 leopard geckos
  22 orcs
  2 giant cockroaches
  10 goblins
  10 hobgoblins
  7 jackals
  3 quokkas
  2 ball pythons
  6 bats
  7 frilled lizards
  6 kobolds
  A quokka skeleton (D:6)
  5 rats
131 creatures vanquished.

Vanquished Creatures (collateral kills)
  An ogre (D:6)
  A scorpion (D:4)
  A crimson imp (D:6)
  A centaur zombie (D:7)
  3 gnolls (D:3)
  An adder (D:5)
8 creatures vanquished.

Vanquished Creatures (others)
  4 toadstools (D:1)
4 creatures vanquished.

Grand Total: 143 creatures vanquished

Notes
Turn   | Place    | Note
-------+----------+-------------------------------------------
     0 | D:1      | Disciple the Demonspawn Wizard began the quest for the Orb.
     0 | D:1      | Reached XP level 1. HP: 13/13 MP: 4/4
   141 | D:1      | Reached skill level 1 in Fighting
   304 | D:1      | Gained mutation: You have a pair of small horns on your head. [demonic ancestry]
   304 | D:1      | Reached XP level 2. HP: 21/21 MP: 3/6
   850 | D:1      | Reached skill level 1 in Short Blades
  1096 | D:1      | Gained mutation: A weak demonic guardian rushes to your aid. [demonic ancestry]
  1096 | D:1      | Reached XP level 3. HP: 27/27 MP: 5/7
  2422 | D:2      | Gained mutation: You have a pair of horns on your head. [demonic ancestry]
  2422 | D:2      | Reached XP level 4. HP: 33/33 MP: 3/8
  2627 | D:3      | Found an ancient bone altar of Kikubaaqudgha.
  2632 | D:3      | Noticed Ijyb
  2646 | D:3      | Killed Ijyb
  3172 | D:3      | Gained mutation: You are partially covered in yellow scales. (AC +2) [demonic ancestry]
  3172 | D:3      | Reached XP level 5. HP: 28/38 MP: 4/9
  4395 | D:4      | Gained mutation: You are mostly covered in yellow scales. (AC +3) [demonic ancestry]
  4395 | D:4      | Reached XP level 6. HP: 41/44 MP: 8/10
  4437 | D:4      | Found Nogaps's Magic Scroll Boutique.
  4462 | D:4      | Bought a scroll of identify for 24 gold pieces
  4462 | D:4      | Bought a scroll of remove curse for 36 gold pieces
  4462 | D:4      | Bought a scroll of fog for 24 gold pieces
  4462 | D:4      | Bought a scroll of noise for 12 gold pieces
  4462 | D:4      | Bought a scroll of teleportation for 36 gold pieces
  4646 | D:4      | Reached skill level 5 in Dodging
  4749 | D:4      | Found Emohiaff's Food Shoppe.
  4757 | D:4      | Found Voeck's Antique Armour Shoppe.
  5033 | D:4      | Reached skill level 2 in Conjurations
  5302 | D:4      | Reached skill level 3 in Conjurations
  5411 | D:4      | Found a radiant altar of Vehumet.
  5429 | D:4      | Found a sparkling altar of Nemelex Xobeh.
  5470 | D:4      | Reached skill level 1 in Long Blades
  5570 | D:4      | Found Coycisol's Jewellery Shoppe.
  5941 | D:5      | Entered Level 5 of the Dungeon
  6006 | D:4      | Gained mutation: You are completely covered in yellow scales. (AC +4, rCorr) [demonic ancestry]
  6006 | D:4      | Reached XP level 7. HP: 48/50 MP: 11/11
  6093 | D:5      | Found a staircase to the Ecumenical Temple.
  6127 | Temple   | Entered the Ecumenical Temple
  6425 | D:5      | Reached skill level 4 in Conjurations
  6964 | D:5      | Found Vewag's Magic Scroll Shoppe.
  6972 | D:5      | Bought a scroll of amnesia for 38 gold pieces
  6972 | D:5      | Bought a scroll of random uselessness for 11 gold pieces
  6995 | D:5      | Got a crude ring mail
  7006 | D:5      | Identified the +1 ring mail of Efoma {rPois rC- rN+} (You found it on level 5 of the Dungeon)
  7462 | D:5      | Bought a scroll of immolation for 38 gold pieces
  7505 | D:6      | Noticed a dagger
  7505 | D:6      | Noticed a dagger
  7506 | D:6      | Found a hide-covered altar of Uskayaw.
  7525 | D:6      | Reached skill level 5 in Conjurations
  7915 | D:6      | Reached XP level 8. HP: 51/56 MP: 7/12
  7981 | D:6      | Found a glowing golden altar of the Shining One.
  8062 | D:6      | Reached skill level 6 in Conjurations
  8485 | D:6      | Reached skill level 7 in Conjurations
  8504 | D:6      | Found a snail-covered altar of Cheibriados.
  8586 | D:6      | Became a worshipper of Cheibriados the Contemplative
  8630 | D:7      | Reached skill level 1 in Evocations
  8639 | D:7      | Killed from afar by an orc priest

Vault maps used:
D:1:      ldierk_walled_garden_2, minmay_misc_feat_columns
D:3:      kiku_gazebo_garden_becter, kennysheep_generic_room_10, uniq_iyjb
D:4:      kennysheep_mini, old_standard_altar, serial_shops, shop,
          nicolae_shop_temple_entry_statues_fountains, nicolae_shop_waterfront,
          shop_fountains
D:5:      serial_shops, shop, first_bread, nrook_mini_backslash
D:6:      cheibrodos_worm_habitat, kennysheep_mini_moat, dancing_weapons_uskayaw
D:7:      nicolae_gozag_zags_fifth_avenue
Temple:   nicolae_temple_figure_zero

Skill      XL: |  1  2  3  4  5  6  7  8 |
---------------+-------------------------+-----
Fighting       | 1 2 |  2.0
Short Blades   | 1 2 |  2.0
Dodging        | 2 3 4 5 |  5.0
Conjurations   | 3 5 7 |  7.0
Long Blades    | 1 3 |  3.0
Evocations     | 1 |  1.8
Stealth        | |  1.7
Spellcasting   | |  3.0
Summonings     | |  1.0
Translocations | |  0.8

Action                   |  1- 3 |  4- 6 |  7- 9 || total
-------------------------+-------+-------+-------++-------
Melee: Short sword       |    27 |       |       ||    27
       Dagger            |    13 |    90 |       ||   103
       Headbutt          |     2 |    14 |    22 ||    38
       Falchion          |       |    43 |   177 ||   220
 Cast: Magic Dart        |   102 |    95 |    13 ||   210
 Stab: Sleeping          |     1 |     1 |       ||     2
       Distracted        |       |     1 |       ||     1
  Eat: Chunk             |     4 |    10 |     8 ||    22
       Meat ration       |       |     1 |       ||     1
       Fruit             |       |       |     2 ||     2
Armor: Robe              |    11 |    26 |       ||    37
       Ring mail         |       |    20 |    63 ||    83
Dodge: Dodged            |    49 |   114 |   138 ||   301
       Rpst.: Falchion   |       |     7 |    45 ||    52
